 Dungeon Crawl Stone Soup version 0.32-a0-290-g598725c5f2 (webtiles) character file.

Game seed: 8591989631486602323

831 gruber the Arsonist (level 7, 0/56 HPs)
             Began as a Mountain Dwarf Fire Elementalist on Feb 13, 2024.
             Slain by Maurice
             ... wielding a +0 short sword
              (4 damage)
             ... on level 7 of the Dungeon.
             The game lasted 00:05:52 (4966 turns).

gruber the Arsonist (MDFE)                          Turns: 4966, Time: 00:05:53

Health: 0/56       AC:  4    Str: 11    XL:     7   Next: 65%
Magic:  0/11       EV: 11    Int: 17    God:
Gold:   0          SH:  0    Dex: 10    Spells: 9/12 levels left

rFire   . . .        u - +4 war axe
rCold   . . .        (no shield)
rNeg    . . .        m - +0 leather armour
rPois   .            (no helmet)
rElec   .            (no cloak)
rCorr   .            n - +0 pair of gloves
SInv    .            (no boots)
Will    .....        (no amulet)
Stlth   +            (no ring)
HPRegen 0.29/turn    (no ring)
MPRegen 0.12/turn

%: no passive effects
@: no status effects
A: runic magic, artefact enchanting
a: no special abilities


You were on level 7 of the Dungeon.
You visited 1 branch of the dungeon, and saw 5 of its levels.

Inventory:

Hand Weapons
 u - a +4 war axe (weapon)
Armour
 m - a +0 leather armour (worn)
 n - a +0 pair of gloves (worn)
Scrolls
 f - a scroll of blinking {unknown}
 h - 3 scrolls of teleportation
 i - a scroll of brand weapon {unknown}
 j - a scroll of enchant armour {unknown}
 k - 3 scrolls of identify
 o - a scroll of poison {unknown}
 r - a scroll of revelation {unknown}
Potions
 a - a potion of enlightenment {unknown}
 b - a potion of magic
 c - a potion of might {unknown}
 d - 2 potions of lignification {unknown}
 e - a potion of degeneration {unknown}
 g - 7 potions of curing {unknown}
 p - a potion of mutation {unknown}
 s - 3 potions of attraction {unknown}
 t - a potion of brilliance {unknown}


   Skills:
 * Level 2.4 Fighting
 - Level 1.3 Dodging
 - Level 1.4 Stealth
 - Level 3.0 Spellcasting
 - Level 0.8 Conjurations
 - Level 10.0 Fire Magic


You had 9 spell levels left.
You knew the following spells:

 Your Spells              Type           Power      Damage    Failure   Level
a - Foxfire               Conj/Fire      84%        2x1d8     1%          1
b - Scorch                Fire           72%        2d8       1%          2

Your spell library contained the following spells:

 Spells                   Type           Power      Damage    Failure   Level
 Inner Flame              Hex/Fire       19%        N/A       7%          3
 Volatile Blastmotes      Fire/Tloc      38%        2d13      7%          3
 Apportation              Tloc           4%         N/A       19%         1
 Flame Wave               Conj/Fire      21%        2d8       21%         4
 Jinxbite                 Hex            4%         N/A       28%         2
 Call Canine Familiar     Summ           2%         N/A       50%         3
 Gell's Gravitas          Tloc           2%         N/A       50%         3
 Sigil of Binding         Hex            2%         N/A       50%         3
 Teleport Other           Tloc           2%         N/A       50%         3
 Dimensional Bullseye     Hex/Tloc       1%         N/A       88%         4
 Vhi's Electric Charge    Tloc/Air       4%         N/A       88%         4
 Plasma Beam              Fire/Air       9%         2x1d20    98%         6
 Alistair's Intoxication  Alch           1%         N/A       99%         5
 Arcjolt                  Conj/Air       2%         1d12      99%         5
 Dispersal                Tloc           1%         N/A       100%        6


Dungeon Overview and Level Annotations

Branches:
Dungeon (4/15)
 Temple: D:4-7

Altars:
Elyvilon
Zin
The Shining One

Shops:
D:3 [   D:4 =

Annotations:
D:7 Maggie, Maurice, Pikel


Innate Abilities, Weirdness & Mutations

Your spellcasting is much less encumbered by armour.
You can use scrolls of enchantment on lesser artefacts.


Message History

You hear some strange, mumbled words.
You swing at nothing.
You swing at nothing.
You swing at nothing.
Something hits you.
Something steals 306 gold pieces!
You now have 0 gold pieces.
Something bites you.
You feel your power leaking away. Something drains your magic.
Something blocks your attack. Something hits you.
Something grunts, "Curses!"
Something bites you but does no damage.
You barely miss something. Something hits you!
Something groans, "What are you, a monk?"
Something bites you. Something drains your magic. Something hits you.
Something mutters, "Now where did you hide it?"
Something bites you. Something drains your magic.
You hit something. Something hits you but does no damage. Something bites you.
You feel your power leaking away. Something drains your magic.
Something blocks your attack. Something hits you but does no damage.
Something bites you but does no damage.
You hear some strange, mumbled words.
You swing at nothing.
You swing at nothing.
You swing at nothing.
You swing at nothing.
You hit something.
You hear some strange, mumbled words.
You hit something but do no damage. Something hits you!
* * * LOW HITPOINT WARNING * * *
Something grunts, "Curses!"
Something bites you.
* * * LOW HITPOINT WARNING * * *
You feel your power leaking away. Something drains your magic.
Something hits you.
* * * LOW HITPOINT WARNING * * *
Something mutters, "Now where did you hide it?"
Something bites you but does no damage.
Unknown command.
Something blocks your attack. Something hits you.
You die...

##.#####.#
#.# #.#
#.# #.#
#.# #.#
#.# #.#
#.# #.#
#.#####>#
#.#
#.##....#
#.#
..##.####
#.# ####.#
#.#####
#.#
#.{@..#
#.#
#####.#
#.# #.#
#.#####
#.#
#.....#
#.#
#####.#
#.# #.#
#.#
######.#
#.#
#......#
.#


There were no monsters in sight!

Vanquished Creatures
  Grinder (D:3)
  Blork the orc (D:4)
  A scorpion (D:4)
  3 wights (D:7)
  A bombardier beetle (D:3)
  A hound (D:4)
  2 orc priests (D:2)
  4 adders
  A white imp (D:7)
  5 dart slugs
  7 orcs
  5 ball pythons
  6 endoplasms
  3 giant cockroaches
  7 goblins
  8 hobgoblins
  6 jackals
  13 kobolds
  5 quokkas
  10 bats
  7 frilled lizards
  6 rats
103 creatures vanquished.

Vanquished Creatures (others)
  187 foxfires
187 creatures vanquished.

Grand Total: 290 creatures vanquished

Notes
Turn   | Place    | Note
-------+----------+-------------------------------------------
     0 | D:1      | gruber the Mountain Dwarf Fire Elementalist began the quest
                  | for the Orb.
     0 | D:1      | Reached XP level 1. HP: 14/14 MP: 3/3
    15 | D:1      | Reached skill level 4 in Fire Magic
    33 | D:1      | Reached XP level 2. HP: 17/20 MP: 0/4
   335 | D:1      | Reached skill level 5 in Fire Magic
   336 | D:1      | Reached XP level 3. HP: 26/26 MP: 0/5
  1167 | D:2      | Reached skill level 6 in Fire Magic
  1167 | D:2      | Reached XP level 4. HP: 33/33 MP: 2/6
  2033 | D:2      | Reached XP level 5. HP: 38/38 MP: 5/9
  2625 | D:2      | Learned a level 2 spell: Scorch
  2796 | D:3      | Reached skill level 7 in Fire Magic
  3031 | D:3      | Noticed Grinder
  3035 | D:3      | Killed Grinder
  3036 | D:3      | Reached skill level 8 in Fire Magic
  3036 | D:3      | Reached XP level 6. HP: 32/45 MP: 3/10
  3313 | D:3      | Found a glowing golden altar of the Shining One.
  3314 | D:3      | Found a white marble altar of Elyvilon.
  3319 | D:3      | Found a glowing silver altar of Zin.
  3748 | D:3      | Found Lekulead's Antique Armour Shoppe.
  4142 | D:4      | Reached skill level 9 in Fire Magic
  4142 | D:4      | Reached XP level 7. HP: 47/50 MP: 7/11
  4231 | D:4      | Found Ynietem's Jewellery Shoppe.
  4322 | D:4      | Noticed Blork the orc
  4337 | D:4      | Killed Blork the orc
  4577 | D:4      | You fall into a shaft and drop 3 floors!
  4589 | D:7      | Noticed Maggie
  4593 | D:7      | Noticed Pikel
  4731 | D:7      | Noticed Maurice
  4756 | D:7      | Reached skill level 10 in Fire Magic
  4756 | D:7      | Reached skill level 1 in Fighting
  4949 | D:7      | Something stole a +2 kite shield
  4955 | D:7      | Something stole 306 gold
  4966 | D:7      | Slain by Maurice

Illustrated notes

Levels and vault maps discovered:
D:1:      spicycebolla_arrival_xxxplode, layout_basic, serial_rivers,
          chequers_serial_rivers_small_3, chequers_serial_rivers_micro_e,
          chequers_serial_rivers_marsh, chequers_serial_rivers_micro_e,
          chequers_serial_rivers_large_b, chequers_serial_rivers_room_a
D:2:      layout_basic, minmay_pentomino_w4
D:3:      layout_loops_corners, good_gods_temple_1, serial_shops,
          nicolae_shop_dealshenge, dk_noncrumbling_4, uniq_grinder
D:4:      layout_rooms, serial_shops, nicolae_shop_tiny_waterfront,
          uniq_blork_the_orc
D:7:      layout_loops_ring, minmay_temple_entry_sparse_star, uniq_maurice,
          uniq_menkaure, uniq_maggie, uniq_pikel

Skill      XL: |  1  2  3  4  5  6  7 |
---------------+----------------------+-----
Fire Magic     | 4 5 6 8 9 10 | 10.0
Spellcasting   | 2 3 |  3.0
Fighting       | 2 |  2.4
Dodging        | |  1.3
Stealth        | |  1.4
Conjurations   | |  0.8

Action                     |  1- 3 |  4- 6 |  7- 9 || total
---------------------------+-------+-------+-------++-------
  Melee: Unarmed           |    25 |     1 |       ||    26
         Punch             |     1 |       |       ||     1
         War axe           |       |       |     7 ||     7
         Rapier            |       |       |     4 ||     4
   Cast: Foxfire           |    58 |   139 |    15 ||   212
         Scorch            |       |     3 |    16 ||    19
    Use: Scroll            |       |       |     2 ||     2
 Armour: Robe              |    26 |    11 |       ||    37
         Leather armour    |       |     9 |    26 ||    35
  Dodge: Dodged            |    29 |    21 |     3 ||    53

Table legend: (Time is in decaauts)
 A = Elapsed time spent in this place.
 B = Non-inter-level travel time spent in this place.
 C = Inter-level travel time spent in this place.
 D = Time resting spent in this place.
 E = Time spent auto-exploring this place.
 F = Levels seen in this place.
 G = Mean time per level.
                   A        B        C        D        E       F      G
               +--------+--------+--------+--------+--------+-----+--------+
         Total |   5005 |   4828 |    177 |    247 |   3911 |   5 | 1001.0 |
       Dungeon |   5005 |   4828 |    177 |    247 |   3911 |   5 | 1001.0 |
               +--------+--------+--------+--------+--------+-----+--------+

Top non-repeatable levels by time:
     D:2: 1531 daAuts
     D:3: 1224 daAuts
     D:1: 1154 daAuts
     D:4: 699 daAuts
     D:7: 394 daAuts
